 Dungeon Crawl Stone Soup version 0.31-a0-977-gc230f8ef24 (webtiles) character file.

Game seed: 17541660788680959848

188 Shayle the Covered (level 5, -7/32 (33) HPs)
             Began as a Tengu Hexslinger on Oct 30, 2023.
             Mangled by an iguana (11 damage)
             ... on level 3 of the Dungeon.
             The game lasted 00:04:20 (2621 turns).

Shayle the Covered (Tengu Hexslinger)               Turns: 2621, Time: 00:04:21

HP:   -7/32 (33)    AC:  3    Str:  8    XL:     5   Next: 67%
MP:   7/7           EV: 12    Int: 15    God:
Gold: 74            SH:  0    Dex: 17    Spells: 4/6 levels left

rFire   . . .        a - +1 sling
rCold   . . .        (no shield)
rNeg    . . .        m - +0 leather armour
rPois   .            (helmet restricted)
rElec   .            (no cloak)
rCorr   .            (no gloves)
SInv    .            (boots unavailable)
Will    .....        (no amulet)
Stlth   +            (no ring)
HPRegen 0.25/turn    (no ring)
MPRegen 0.10/turn

%: acrobat
@: lightly drained
A: beak, talons 3, acrobatic
a: no special abilities


You were on level 3 of the Dungeon.
You visited 1 branch of the dungeon, and saw 3 of its levels.

You collected 154 gold pieces.
You spent 80 gold pieces at shops.

Inventory:

Hand Weapons
 a - a +1 sling (weapon)
Missiles
 n - 2 throwing nets
Armour
 c - a +0 robe
 m - a +0 leather armour (worn)
Jewellery
 p - a ring of flight
Wands
 e - a wand of charming (7)
Scrolls
 b - 2 scrolls of poison
 d - 2 scrolls of summoning {unknown}
 f - a scroll of noise {unknown}
 h - 4 scrolls of identify {unknown}
 j - a scroll of blinking {unknown}
 k - 5 scrolls of teleportation {unknown}
Potions
 i - a potion of brilliance {unknown}
 l - a potion of resistance {unknown}
 o - a potion of might {unknown}
 q - a potion of enlightenment {unknown}


   Skills:
 + Level 3.8 Fighting
 - Level 2.1 Ranged Weapons
 + Level 3.9 Armour
 - Level 2.1 Dodging
 - Level 1.0 Spellcasting
 - Level 2.1 Hexes
 - Level 1.1 Fire Magic


You had 4 spell levels left.
You knew the following spells:

 Your Spells              Type           Power      Damage    Failure   Level
a - Jinxbite              Hex            14%        N/A       22%         2

Your spell library contained the following spells:

 Spells                   Type           Power      Damage    Failure   Level
 Ensorcelled Hibernation  Hex/Ice        8%         N/A       32%         2
 Sigil of Binding         Hex            7%         N/A       38%         3
 Cigotuvi's Dreadful Rot  Necr/Pois/Air  0%         N/A       45%         2
 Passwall                 Tmut/Erth      0%         N/A       45%         2
 Inner Flame              Hex/Fire       5%         N/A       47%         3
 Swiftness                Air            0%         N/A       71%         3
 Cause Fear               Hex            3%         N/A       80%         4
 Dimensional Bullseye     Hex/Tloc       2%         N/A       91%         4
 Dispel Undead            Necr           0%         3d6       98%         4
 Death Channel            Necr           0%         N/A       100%        6


Dungeon Overview and Level Annotations

Branches:
Dungeon (3/15)

Altars:

Shops:
D:2 !   D:3 [


Innate Abilities, Weirdness & Mutations

You have a beak for a mouth.
You have claws for feet.
You can magically evade attacks while moving or waiting.


Message History

You open the door.
Found a dagger.
An iguana comes into view.
There is an open door here.
You shoot a sling bullet.
The sling bullet hits the iguana but does no damage.
The iguana barely misses you. x2
You shoot a sling bullet.
The sling bullet hits the iguana but does no damage.
The iguana bites you.
You shoot a sling bullet.
The sling bullet hits the iguana but does no damage.
The iguana bites you but does no damage.
You shoot a sling bullet. The sling bullet hits the iguana.
The iguana is moderately wounded.
The iguana barely misses you.
You shoot a sling bullet. The sling bullet hits the iguana.
The iguana is heavily wounded.
The iguana barely misses you. The iguana misses you.
You shoot a sling bullet. The sling bullet hits the iguana.
The iguana is severely wounded.
The iguana barely misses you.
You shoot a sling bullet.
The sling bullet closely misses the iguana.
The iguana bites you.
You shoot a sling bullet.
The sling bullet barely misses the iguana.
The iguana closely misses you. x2
You shoot a sling bullet.
The sling bullet closely misses the iguana.
The iguana bites you!
You shoot a sling bullet.
The sling bullet barely misses the iguana.
The iguana bites you!
You shoot a sling bullet. The sling bullet hits the iguana.
The iguana is almost dead.
The iguana bites you!
* * * LOW HITPOINT WARNING * * *
The iguana bites you!
You die...

##### #...# ####### #...#
....... #...# ....... #...#
.......
###.####...######l...)..
................@.......
...........######.......
.##.######..# #....... ....#
##.# #....... ....+ #.##
#.###### ....# #..## #.# ....#
######..###.########## .##.#
#....##........#.....#
.##.###....######.##.......###


You could see an iguana.

Vanquished Creatures
  Ijyb (D:3)
  Jessica (D:2)
  Terence (D:2)
  4 adders
  5 worms
  2 dart slugs (D:1)
  4 orcs (D:3)
  2 endoplasms
  4 goblins
  A hobgoblin (D:2)
  5 jackals
  6 kobolds
  3 quokkas
  4 ball pythons
  8 bats
  3 frilled lizards (D:1)
  3 rats (D:1)
57 creatures vanquished.

Notes
Turn   | Place    | Note
-------+----------+-------------------------------------------
     0 | D:1      | Shayle the Tengu Hexslinger began the quest for the Orb.
     0 | D:1      | Reached XP level 1. HP: 12/12 MP: 3/3
   128 | D:1      | Reached skill level 1 in Armour
   128 | D:1      | Reached XP level 2. HP: 12/16 MP: 4/4
   131 | D:1      | Learned a level 2 spell: Jinxbite
   576 | D:1      | Reached XP level 3. HP: 21/21 MP: 5/5
   875 | D:2      | Noticed Jessica
   881 | D:2      | Killed Jessica
   882 | D:2      | Reached XP level 4. HP: 27/27 MP: 3/6
   932 | D:2      | Noticed Terence
   935 | D:2      | Killed Terence
  1311 | D:2      | Reached XP level 5. HP: 32/32 MP: 7/7
  1409 | D:2      | Found a faded altar of an unknown god.
  1501 | D:2      | Found Namesia's Distillery.
  1507 | D:2      | Bought a potion of heal wounds for 50 gold pieces
  1507 | D:2      | Bought a potion of curing for 30 gold pieces
  2205 | D:3      | Found Ygiwk's Armour Emporium.
  2366 | D:3      | Noticed Ijyb
  2448 | D:3      | Killed Ijyb
  2621 | D:3      | Mangled by an iguana

Illustrated notes

Levels and vault maps discovered:
D:1:      scummos_arrival_checkerplants, layout_basic, nrook_campfire
D:2:      layout_loops_cross, serial_shops, nicolae_shop_just_a_little_nook,
          shapermc_ecumenical_altar_mp_vishouse, feat_on_display, uniq_jessica,
          uniq_terence
D:3:      layout_basic, serial_shops, nicolae_shop_tiny_glass, uniq_ijyb

Skill      XL: |  1  2  3  4 |
---------------+-------------+-----
Armour         | 1 2 3 |  3.9
Fighting       | 2 3 |  3.8
Ranged Weapons | |  2.1
Dodging        | |  2.1
Spellcasting   | |  1.0
Hexes          | |  2.1
Fire Magic     | |  1.1

Action                     |  1- 3 |  4- 6 || total
---------------------------+-------+-------++-------
  Melee: Sling             |       |    21 ||    21
         Kick              |       |     4 ||     4
         Peck              |       |     4 ||     4
   Fire: Sling             |    79 |   140 ||   219
   Cast: Jinxbite          |     1 |     9 ||    10
    Use: Potion            |       |     6 ||     6
 Armour: Robe              |    26 |    34 ||    60
         Leather armour    |       |    68 ||    68
  Dodge: Dodged            |    29 |   112 ||   141

Table legend: (Time is in decaauts)
 A = Elapsed time spent in this place.
 B = Non-inter-level travel time spent in this place.
 C = Inter-level travel time spent in this place.
 D = Time resting spent in this place.
 E = Time spent auto-exploring this place.
 F = Levels seen in this place.
 G = Mean time per level.
                   A        B        C        D        E       F      G
               +--------+--------+--------+--------+--------+-----+--------+
         Total |   2698 |   2660 |     38 |    308 |   1808 |   3 |  899.3 |
       Dungeon |   2698 |   2660 |     38 |    308 |   1808 |   3 |  899.3 |
               +--------+--------+--------+--------+--------+-----+--------+

Top non-repeatable levels by time:
     D:2: 1099 daAuts
     D:1: 825 daAuts
     D:3: 773 daAuts
